 Dungeon Crawl Stone Soup version 0.28-a0-1624-g820543e53a (webtiles) character file.

Game seed: 17497802224472969244

70 glarfugus the Insei (level 4, -8/28 HPs)
             Began as an Octopode Transmuter on Jan 23, 2022.
             Was a Plaything of Xom.
             Killed from afar by an orc wizard (10 damage)
             ... with a puff of flame
             ... on level 3 of the Dungeon.
             The game lasted 00:08:48 (3811 turns).

glarfugus the Insei (Octopode Transmuter)           Turns: 3811, Time: 00:08:49

Health: -8/28      AC:  1    Str:  9    XL:     4   Next: 22%
Magic:  6/7        EV: 13    Int: 15    God:    Xom [.....*]
Gold:   167        SH:  0    Dex: 14    Spells: 2/8 levels left

rFire   . . .      SeeInvis .     - Unarmed
rCold   . . .      Faith    .   (no shield)
rNeg    . . .      Spirit   .   (helmet restricted)
rPois   .          Reflect  .   (no amulet)
rElec   .          Harm     .   (no ring)
rCorr   .          Rampage  .   (no ring)
Will    .....                   (no ring)
Stlth   +++.......              (no ring)
HPRegen 0.09/turn               (no ring)
MPRegen 0.10/turn               (no ring)
                                (no ring)
                                (no ring)

@: no status effects
A: almost no armour, amphibious, 8 rings, camouflage 1, gelatinous body 1,
(nimble swimmer 1), tentacles
a: Renounce Religion


You were on level 3 of the Dungeon.
You worshipped Xom.
You were Xom's teddy bear.
You visited 1 branch of the dungeon, and saw 3 of its levels.

You collected 167 gold pieces.

Inventory:

Magical Staves
 l - a staff of fire
Scrolls
 a - 2 scrolls of enchant weapon {unknown}
 b - 2 scrolls of teleportation {unknown}
 d - 2 scrolls of identify {unknown}
 e - a scroll of magic mapping {unknown}
 g - a scroll of immolation {unknown}
 h - 2 scrolls of vulnerability {unknown}
 k - a scroll of summoning {unknown}
Potions
 c - a potion of curing {unknown}
 f - a potion of ambrosia {unknown}
 i - a potion of degeneration {unknown}
 j - a potion of attraction {unknown}


   Skills:
 + Level 1.1 Fighting
 + Level 2.2 Dodging
 + Level 1.0 Stealth
 + Level 3.7 Unarmed Combat
 + Level 2.6 Spellcasting
 + Level 2.7 Transmutations
 + Level 0.2 Poison Magic


You had 2 spell levels left.
You knew the following spells:

 Your Spells              Type           Power      Damage    Failure   Level
a - Beastly Appendage     Tmut           20%        N/A       7%          1
b - Wereblood             Tmut           10%        N/A       11%         2
c - Spider Form           Tmut/Pois      6%         N/A       34%         3

Your spell library contained the following spells:

 Spells                   Type           Power      Damage    Failure   Level
 Magic Dart               Conj           4%         1d3       22%         1
 Call Imp                 Summ           1%         N/A       32%         2
 Mephitic Cloud           Conj/Pois/Air  2%         N/A       52%         3
 Dazzling Flash           Conj/Hex       2%         N/A       54%         3
 Ice Form                 Ice/Tmut       6%         N/A       75%         4
 Agony                    Necr           1%         N/A       99%         5
 Silence                  Hex/Air        0%         N/A       99%         5


Dungeon Overview and Level Annotations

Branches:
Dungeon (3/15)

Altars:
Sif Muna
Xom
Zin


Innate Abilities, Weirdness & Mutations

You cannot wear most types of armour.
You are amphibious.
You can wear up to eight rings at the same time.
Your skin changes colour to match your surroundings (Stealth+).
Your rubbery body absorbs attacks. (AC +1, EV +1)
((You are camouflaged when in or above water. (Stealth+)))
You have tentacles for arms and can constrict up to eight enemies at once.


Message History

Deactivating autopickup; reactivate with Ctrl-A.
There is an open door here.
Your transformation is almost over.
A magic dart appears from out of thin air!
The magic dart hits you.
You cannot enter water in your current form.
You cannot enter water in your current form.
The orc wizard gestures at you while chanting.
You are confused.
A puff of flame appears from out of thin air!
The puff of flame misses you.
You bump into the rock wall.
The orc wizard gestures at you while chanting.
You are more confused.
There is an open door here.
You're too confused to move!
The orc wizard casts a spell at you. You resist with some effort.
You bump into the rock wall.
You bump into the crystal wall.
Your transformation has ended.
You hear some strange, mumbled words.
A puff of flame appears from out of thin air!
The puff of flame hits you! Something hits you.
The orc wizard hits you with a +0 dagger.
You hear some strange, mumbled words.
A puff of flame appears from out of thin air!
The puff of flame hits you!
* * * LOW HITPOINT WARNING * * *
You feel less confused.
An orc wizard is nearby!
The orc wizard is engulfed in a cloud of scalding steam.
There is an open door here.
The orc wizard gestures at you while chanting.
You resist with some effort. The orc wizard casts a spell at you.
The puff of flame hits you!
You die...
Xom chuckles heartily!

.....#
####.#
..##.#
#.##.#
#.##.#
#....#
###### ####
######..##
#.≈..#8@.###
#o§..'._...#
#{≈..#8^.#.#
#
######..##.#
#.#
######..#
....
#.####.##
....
#......#
#.###### ##
#.#


You could see an orc wizard.

Vanquished Creatures
  A gnoll (D:1)
  A worm (D:3)
  2 dart slugs (D:1)
  An orc (D:3)
  9 bats
  5 endoplasms
  4 giant cockroaches
  5 goblins
  4 hobgoblins
  3 jackals (D:1)
  4 ball pythons
  4 frilled lizards
  3 kobolds
  3 rats
49 creatures vanquished.

Vanquished Creatures (others)
  A fungus (D:2)
1 creature vanquished.

Grand Total: 50 creatures vanquished

Notes
Turn   | Place    | Note
-------+----------+-------------------------------------------
     0 | D:1      | glarfugus the Octopode Transmuter began the quest for the
                  | Orb.
     0 | D:1      | Reached XP level 1. HP: 13/13 MP: 3/3
   425 | D:1      | Reached XP level 2. HP: 11/18 MP: 3/5
   428 | D:1      | Learned a level 2 spell: Wereblood
   978 | D:1      | Reached XP level 3. HP: 21/23 MP: 2/6
  1764 | D:2      | Learned a level 3 spell: Spider Form
  2841 | D:2      | Found a faded altar of an unknown god.
  2851 | D:2      | Prayed at the altar of an unknown god.
  2851 | D:2      | Became a worshipper of Xom of Chaos
  2951 | D:2      | XOM: cloud trail
  2981 | D:3      | Reached skill level 1 in Stealth
  2981 | D:3      | Reached XP level 4. HP: 27/28 MP: 0/7
  3108 | D:3      | XOM: silly message
  3159 | D:3      | Found a glowing silver altar of Zin.
  3256 | D:3      | XOM: god gift: staff of fire
  3785 | D:3      | Found a shimmering blue altar of Sif Muna.
  3805 | D:3      | HP: 1/28 [something/puff of flame (10)]
  3811 | D:3      | Killed from afar by an orc wizard

Illustrated notes

Levels and vault maps discovered:
D:1:      eino_arrival_tree_alley, layout_basic
D:2:      layout_loops_ring, shapermc_ecumenical_altar_petra
D:3:      minmay_octagon_keep, layout_basic, mainiacjoe_overflow_tiny_flanked,
          led_sif_book, minmay_distorted

Skill      XL: |  1  2  3 |
---------------+----------+-----
Stealth        | 1 |  1.0
Fighting       | |  1.1
Dodging        | |  2.2
Unarmed Combat | |  3.7
Spellcasting   | |  2.6
Transmutations | |  2.7
Poison Magic   | |  0.2

Action                   |  1- 3 |  4- 6 || total
-------------------------+-------+-------++-------
Melee: Unarmed           |    84 |    23 ||   107
       Constrict         |    19 |     1 ||    20
       Tentacles         |    11 |     1 ||    12
       Kick              |    15 |     1 ||    16
 Cast: Beastly Appendage |    18 |     1 ||    19
       Wereblood         |     4 |       ||     4
       Spider Form       |    12 |     8 ||    20
 Stab: Sleeping          |     2 |     1 ||     3
Armor: Skin              |     8 |     2 ||    10
Dodge: Dodged            |    58 |    10 ||    68

Table legend: (Time is in decaauts)
 A = Elapsed time spent in this place.
 B = Non-inter-level travel time spent in this place.
 C = Inter-level travel time spent in this place.
 D = Time resting spent in this place.
 E = Time spent auto-exploring this place.
 F = Levels seen in this place.
 G = Mean time per level.
                   A        B        C        D        E       F      G
               +--------+--------+--------+--------+--------+-----+--------+
         Total |   3802 |   3752 |     50 |    459 |   2832 |   3 | 1267.3 |
       Dungeon |   3802 |   3752 |     50 |    459 |   2832 |   3 | 1267.3 |
               +--------+--------+--------+--------+--------+-----+--------+

Top non-repeatable levels by time:
     D:1: 1755 daAuts
     D:2: 1211 daAuts
     D:3: 836 daAuts
